 Dungeon Crawl Stone Soup version 0.31-a0-486-g8d68a81214 (webtiles) character file.

Game seed: 16091224272153404731

254 CraigForest the Shooter (level 5, 0/45 HPs)
             Began as a Minotaur Hunter on Aug 8, 2023.
             Slain by an orc priest
             ... wielding a +0 hand axe
              (2 damage)
             ... on level 4 of the Dungeon.
             The game lasted 00:07:04 (2228 turns).

CraigForest the Shooter (Minotaur Hunter)           Turns: 2228, Time: 00:07:06

Health: 0/45       AC:  5    Str: 15    XL:     5   Next: 90%
Magic:  4/4        EV: 11    Int:  6    God:
Gold:   67         SH:  0    Dex: 16    Spells: 4/4 levels left

rFire   . . .        t - +0 great sword
rCold   . . .        (shield currently unavailable)
rNeg    . . .        k - +0 ring mail
rPois   +            (helmet restricted)
rElec   .            (no cloak)
rCorr   .            (no gloves)
SInv    +            (no boots)
Will    .....        d - amulet of the acrobat
Stlth   +            g - ring of see invisible
HPRegen 0.27/turn    m - ring of poison resistance
MPRegen 0.09/turn

%: acrobat
@: no status effects
A: horns 2, retaliatory headbutt
a: no special abilities


You were on level 4 of the Dungeon.
You visited 1 branch of the dungeon, and saw 4 of its levels.

You collected 67 gold pieces.

Inventory:

Hand Weapons
 a - a +0 shortbow
 h - a +0 lajatang
 t - a +0 great sword (weapon)
Missiles
 p - 5 atropa-tipped darts
 q - a javelin (quivered)
Armour
 c - a +0 leather armour
 k - a +0 ring mail (worn)
Jewellery
 d - an amulet of the acrobat (around neck)
 g - a ring of see invisible (left hand)
 m - a ring of poison resistance (right hand)
 n - a ring of wizardry
 o - a ring of wizardry
 s - the ring of the Mage {Wiz Archmagi}
   (You found it on level 3 of the Dungeon)

   [ring of wizardry]

   It improves your spell success rate.
   Archmagi:  It increases the power of your magical spells.
Talismans
 r - a storm talisman
Scrolls
 b - a scroll of butterflies
 e - a scroll of blinking {unknown}
 f - a scroll of acquirement {unknown}
 i - 4 scrolls of identify {unknown}
 l - 2 scrolls of brand weapon {unknown}
Potions
 j - 2 potions of lignification {unknown}


   Skills:
 + Level 3.5 Fighting
 + Level 0.3 Long Blades
 + Level 6.8 Ranged Weapons
 + Level 2.3 Armour
 + Level 2.6 Dodging
 + Level 0.9 Stealth


You had 4 spell levels left.
You didn't know any spells.
Your spell library contained the following spells:

 Spells                   Type           Power      Damage    Failure   Level
 Sandblast                Erth           0%         2d4       67%         1
 Passwall                 Tmut/Erth      0%         N/A       82%         2
 Stone Arrow              Conj/Erth      0%         3d7       96%         3
 Summon Guardian Golem    Hex/Summ       0%         N/A       96%         3
 Orb of Destruction       Conj           0%         9d5       100%        7
 Spellforged Servitor     Conj/Summ      0%         N/A       100%        7


Dungeon Overview and Level Annotations

Branches:
Dungeon (4/15)
 Temple: D:4-7

Altars:
Ru

Shops:
D:3 !


Innate Abilities, Weirdness & Mutations

You have a pair of horns on your head.
You reflexively headbutt those who attack you in melee.


Message History

You throw a javelin. The javelin barely misses the orc.
The orc priest shouts!
The orc shouts!
The orc wizard shouts!
The javelin pierces through the orc wizard.
The orc wizard is lightly wounded.
The javelin pierces through the orc warrior but does no damage.
The javelin barely misses the orc.
Okay, then.
Throw: 3 javelins
Press: ? - help, Q - select action, (/) - cycle Shift-Dir - straight line, f/p - orc
Aim: an orc, wielding a +0 club (57% to hit)
You throw a javelin. The javelin barely misses the orc.
The javelin barely misses the orc warrior.
The javelin barely misses the orc wizard.
The javelin completely misses the orc.
A ball python comes into view.
Throw: 2 javelins
Press: ? - help, Q - select action, (/) - cycle Shift-Dir - straight line, f/p - orc
Aim: an orc, wielding a +0 club (57% to hit)
You throw a javelin. The javelin pierces through the orc.
The orc is heavily wounded.
The javelin closely misses the orc warrior.
The javelin misses the orc wizard.
The javelin pierces through the orc.
The orc is severely wounded.
The orc completely misses you.
You hit the orc but do no damage.
The orc is heavily wounded.
The orc misses you.
You barely miss the orc. You headbutt the orc.
You kill the orc!
The orc warrior hits you with a +0 battleaxe!
The orc priest hits you but does no damage.
You barely miss the orc warrior.
The orc warrior hits you with a +0 battleaxe!
The orc priest hits you with a +0 hand axe.
The orc warrior hits you with a +0 battleaxe!!
* * * LOW HITPOINT WARNING * * *
The orc priest hits you with a +0 hand axe.
You die...

## ..
..########S###.
.......oooo...(
#@# #.# ##.##
##.#.##
#.#####.###.##
#......## ##.#
#####.#.###.##
#.......#
#.#.#...#


You could see an orc warrior, an orc priest, an orc wizard, an orc and a ball
python.

Vanquished Creatures
  A scorpion (D:4)
  2 orc priests (D:3)
  An orc wizard (D:3)
  3 adders
  A worm (D:3)
  2 dart slugs
  7 orcs
  6 ball pythons
  3 bats (D:2)
  5 endoplasms
  2 giant cockroaches
  8 goblins
  2 hobgoblins
  6 jackals
  10 kobolds
  3 quokkas
  4 frilled lizards
  3 rats
69 creatures vanquished.

Notes
Turn   | Place    | Note
-------+----------+-------------------------------------------
     0 | D:1      | CraigForest the Minotaur Hunter began the quest for the
                  | Orb.
     0 | D:1      | Reached XP level 1. HP: 18/18 MP: 0/0
    95 | D:1      | Reached XP level 2. HP: 25/25 MP: 1/1
   304 | D:1      | Reached skill level 1 in Armour
   529 | D:2      | Reached skill level 5 in Ranged Weapons
   563 | D:2      | Reached XP level 3. HP: 30/30 MP: 2/2
  1319 | D:3      | Found Kucacac's Distillery.
  1529 | D:3      | Reached XP level 4. HP: 37/37 MP: 3/3
  1539 | D:3      | Reached skill level 6 in Ranged Weapons
  1732 | D:3      | Reached XP level 5. HP: 17/45 MP: 4/4
  1932 | D:3      | Found the ring of the Mage {Wiz Archmagi}
  2043 | D:3      | Found a sacrificial altar of Ru.
  2222 | D:4      | Noticed an orc warrior
  2228 | D:4      | HP: 2/45 [orc warrior/+0 battleaxe (21)]
  2228 | D:4      | Slain by an orc priest

Illustrated notes

Levels and vault maps discovered:
D:1:      minmay_arrival_split_and_join, layout_rooms
D:2:      layout_loops_ring, minmay_surrounded
D:3:      layout_loops_cross, nicolae_ru_path_of_blood, serial_shops,
          nicolae_shop_stone, kennysheep_generic_room_8
D:4:      layout_loops_ring, mainiacjoe_overflow_24_doors, serial_glass,
          glass_columns_a, glass_columns_a, glass_columns_a

Skill      XL: |  1  2  3  4  5 |
---------------+----------------+-----
Armour         | 1 2 |  2.3
Ranged Weapons | 5 6 |  6.8
Fighting       | 3 |  3.5
Long Blades    | |  0.3
Dodging        | |  2.6
Stealth        | |  0.9

Action                     |  1- 3 |  4- 6 || total
---------------------------+-------+-------++-------
  Melee: Great sword       |       |    17 ||    17
         Headbutt          |       |     2 ||     2
   Fire: Shortbow          |   119 |    44 ||   163
  Throw: Javelin           |       |     3 ||     3
 Armour: Leather armour    |     5 |       ||     5
         Ring mail         |    10 |    11 ||    21
  Dodge: Dodged            |    20 |    21 ||    41

Table legend: (Time is in decaauts)
 A = Elapsed time spent in this place.
 B = Non-inter-level travel time spent in this place.
 C = Inter-level travel time spent in this place.
 D = Time resting spent in this place.
 E = Time spent auto-exploring this place.
 F = Levels seen in this place.
 G = Mean time per level.
                   A        B        C        D        E       F      G
               +--------+--------+--------+--------+--------+-----+--------+
         Total |   2269 |   2138 |    131 |      0 |   1690 |   4 |  567.2 |
       Dungeon |   2269 |   2138 |    131 |      0 |   1690 |   4 |  567.2 |
               +--------+--------+--------+--------+--------+-----+--------+

Top non-repeatable levels by time:
     D:3: 887 daAuts
     D:2: 702 daAuts
     D:1: 535 daAuts
     D:4: 144 daAuts
